 Dungeon Crawl Stone Soup version 0.27.1-15-g792fb953b9 (webtiles) character file.

Game seed: 4096924521239044317

26 spaced the Firebug (level 2, 0/20 HPs)
             Began as a Demonspawn Fire Elementalist on Nov 18, 2021.
             Succumbed to an adder's poison
             ... on level 2 of the Dungeon.
             The game lasted 00:13:26 (1011 turns).

spaced the Firebug (Demonspawn Fire Elementalist)   Turns: 1011, Time: 00:13:27

Health: 0/20       AC:  3    Str:  8    XL:     2   Next: 89%
Magic:  1/5        EV: 11    Int: 16    God:
Gold:   58         SH:  0    Dex: 13    Spells: 4/5 levels left

rFire    . . .     SeeInvis .   k - +0 rapier
rCold    . . .     Faith    .   (no shield)
rNeg     . . .     Spirit   .   c - +0 leather armour
rPois    .         Reflect  .   (no helmet)
rElec    .         Harm     .   (no cloak)
rCorr    .         Rampage  .   (no gloves)
Will     .....                  (no boots)
Stlth    ++........             (no amulet)
HPRegen  0.06/turn              (no ring)
MPRegen  0.09/turn              (no ring)

@: lethally poisoned (0 -> -4)
A: hooves 1
a: no special abilities


You were on level 2 of the Dungeon.
You visited 1 branch of the dungeon, and saw 2 of its levels.

You collected 58 gold pieces.

Inventory:

Hand Weapons
 b - a +0 dagger
 e - a +0 short sword
 h - a +0 whip
 i - a +0 war axe
 k - a +0 rapier (weapon)
Missiles
 d - 9 bolts
 l - 6 atropa-tipped darts (quivered)
Armour
 a - a +0 robe
 c - a +0 leather armour (worn)
 j - a +0 chain mail
Scrolls
 g - a scroll of amnesia {unknown}


   Skills:
 + Level 0.4 Fighting
 + Level 0.1 Short Blades
 + Level 2.0 Dodging
 + Level 1.9 Stealth
 + Level 2.2 Spellcasting
 + Level 1.4 Conjurations
 + Level 3.0 Fire Magic


You had 4 spell levels left.
You knew the following spells:

 Your Spells              Type           Power      Damage    Failure   Level
a - Foxfire               Conj/Fire      36%        2x1d5     12%         1

Your spell library contained the following spells:

 Spells                   Type           Power      Damage    Failure   Level
 Conjure Flame            Conj/Fire      9%         6-21      34%         3
 Inner Flame              Hex/Fire       6%         N/A       43%         3
 Sticky Flame             Conj/Fire      9%         2d3       75%         4
 Fireball                 Conj/Fire      4%         3d4       97%         5


Dungeon Overview and Level Annotations

Branches:
Dungeon (2/15)

Altars:


Innate Abilities, Weirdness & Mutations

You have large cloven feet.


Message History

Your foxfire dissipates!
The adder misses you.
You barely miss the adder.
The adder is heavily wounded.
The adder bites you but does no damage.
You closely miss the adder.
The adder is heavily wounded.
The adder bites you but does no damage. The adder completely misses you.
You miss the adder.
The adder is heavily wounded.
The adder bites you but does no damage.
You completely miss the adder. Your kick misses the adder.
The adder is heavily wounded.
The adder bites you. The adder barely misses you.
Casting: Foxfire (safe; 12% risk of failure)
Confirm with . or Enter, or press ? or * to list all spells.
You conjure some foxfire!
The adder barely misses you.
Your foxfire dissipates!
The adder closely misses you.
Casting: Foxfire (safe; 12% risk of failure)
Confirm with . or Enter, or press ? or * to list all spells.
You conjure some foxfire!
The adder bites you.
* * * LOW HITPOINT WARNING * * *
You miss the adder. Your kick misses the adder.
The adder is heavily wounded.
The adder bites you.
* * * LOW HITPOINT WARNING * * *
Your foxfire dissipates!
The adder bites you but does no damage. The adder barely misses you.
The adder barely misses you. The adder barely misses you.
The adder completely misses you. The adder bites you.
* * * LOW HITPOINT WARNING * * *
You are lethally poisoned!
The adder poisons you!
* * * LOW HITPOINT WARNING * * *
You feel sick.
You die...

##### ## #...# #.
#################.#.# ####.
..............S.@..>## #....
..........#..(.......#########.#.
#########.#.#####.##.#...........
#.#.......##.###.###.#.#.
#.#..#######.# #.# #.#.#. #.#..#
#.# #.# #.#.#. #.#.)# #.# #.#
#.#.#. #.#..# ##.###.# #.#.#.
#.#..# #......# #.....


You could see an adder.

Vanquished Creatures
  2 dart slugs (D:1)
  2 ball pythons (D:1)
  An endoplasm (D:2)
  3 giant cockroaches (D:2)
  4 hobgoblins (D:1)
  3 bats
  A frilled lizard (D:1)
  A goblin (D:1)
  2 kobolds (D:1)
19 creatures vanquished.

Vanquished Creatures (collateral kills)
  An orc (D:2)
  A hobgoblin (D:1)
2 creatures vanquished.

Vanquished Creatures (others)
  40 foxfires
40 creatures vanquished.

Grand Total: 61 creatures vanquished

Notes
Turn   | Place    | Note
-------+----------+-------------------------------------------
     0 | D:1      | spaced the Demonspawn Fire Elementalist began the quest for
                  | the Orb.
     0 | D:1      | Reached XP level 1. HP: 13/13 MP: 3/3
   430 | D:1      | Reached skill level 3 in Fire Magic
   430 | D:1      | Gained mutation: You have large cloven feet. [demonic
                  | ancestry]
   430 | D:1      | Reached XP level 2. HP: 12/20 MP: 1/5
  1010 | D:2      | HP: 1/20 [poisoned by an adder]
  1011 | D:2      | Succumbed to an adder's poison

Illustrated notes

Levels and vault maps discovered:
D:1:      beargit_arrival_diablo_church, layout_basic
D:2:      minmay_roachtagon, layout_basic

Skill      XL: |  1  2 |
---------------+-------+-----
Fire Magic     | 3 |  3.0
Dodging        | 2 |  2.0
Fighting       | |  0.4
Short Blades   | |  0.1
Stealth        | |  1.9
Spellcasting   | |  2.2
Conjurations   | |  1.4

Action                   || total
-------------------------++-------
Melee: Short sword       ||    13
       Unarmed           ||     3
       Dagger            ||     1
       Rapier            ||    10
       Kick              ||     1
Throw: Dart              ||     2
 Cast: Foxfire           ||    33
  Use: Scroll            ||     3
 Stab: Sleeping          ||     1
Armor: Robe              ||     8
       Leather armour    ||    17
Dodge: Dodged            ||    43
